 Dungeon Crawl Stone Soup version 0.22-a0-458-gb446440 (webtiles) character file.

48 Tallim the Chopper (level 3, -6/34 HPs)
             Began as a Minotaur Berserker on June 9, 2018.
             Was a Believer of Trog.
             Mangled by a worm (11 damage)
             ... on level 2 of the Dungeon.
             The game lasted 00:04:10 (925 turns).

Tallim the Chopper (Minotaur Berserker)              Turns: 925, Time: 00:04:12

Health: -6/34      AC:  2    Str: 21    XL:     3   Next: 50%
Magic:  2/2        EV: 12    Int:  5    God:    Trog [**....]
Gold:   7          SH:  0    Dex:  9    Spells: 2/2 levels left

rFire    . . .     SeeInvis .   a - +0 hand axe
rCold    . . .     Gourm    .   (no shield)
rNeg     . . .     Faith    .   b - +0 animal skin
rPois    .         Spirit   .   (helmet restricted)
rElec    .         Reflect  .   (no cloak)
rCorr    .         Harm     .   (no gloves)
MR       .....                  (no boots)
Stlth    +.........             (no amulet)
HPRegen  0.11/turn              (no ring)
MPRegen  0.08/turn              (no ring)

@: lethally poisoned (-6 -> -13)
A: retaliatory headbutt, horns 2
a: Berserk, Trog's Hand, Renounce Religion


You were on level 2 of the Dungeon.
You worshipped Trog.
Trog was pleased with you.
You were not hungry.

You visited 1 branch of the dungeon, and saw 2 of its levels.

You collected 7 gold pieces.

Inventory:

Hand Weapons
 a - a +0 hand axe (weapon)
 i - a +0 hand axe
Armour
 b - a +0 animal skin (worn)
 d - a +1 hat
 g - a +0 leather armour
Scrolls
 h - a scroll of enchant weapon {unknown}
 j - a scroll of identify {unknown}
Potions
 e - a potion of flight {unknown}
 f - 3 potions of curing {unknown}
Comestibles
 c - a ration


   Skills:
 + Level 4.4 Fighting
 + Level 4.7 Axes
 + Level 2.5 Armour
 + Level 2.4 Dodging


You had 2 spell levels left.
You didn't know any spells.
Your spell library was empty.

Dungeon Overview and Level Annotations

Branches:
Dungeon (2/15)

Altars:


Innate Abilities, Weirdness & Mutations

You reflexively headbutt those who attack you in melee.
You have a pair of horns on your head.


Message History

You barely miss the adder. Your headbutt misses the adder.
You barely miss the worm.
You feel sick. The adder bites you.
You are more poisoned.
The adder poisons you! The worm completely misses you.
You hit the adder.
The adder is heavily wounded.
You hit the worm.
You feel sick. The adder closely misses you.
You hit the adder.
You kill the adder!
Trog accepts your kill.
You hit the worm.
You feel sick. The worm bites you!
* * * LOW HITPOINT WARNING * * *
You hit the rat.
You kill the rat!
Trog accepts your kill.
You can now call upon Trog for regeneration and magic resistance.
You hit the worm.
* * * LOW HITPOINT WARNING * * *
You feel sick. The worm bites you!
You die...

..#. ..#.###
.....#.
#.....###
#.....>.#
#....#.#
#..#.### #
#..w...##..#
###..†@#...#
#.......#
...
#..###.#.##
# ... #.<..#
#. ###..# #
#.....
##.##.# .. #
#..


You could see a worm.

Vanquished Creatures
  An adder (D:2)
  4 dart slugs (D:1)
  A giant cockroach (D:1)
  5 goblins (D:1)
  6 hobgoblins
  2 kobolds (D:1)
  6 bats (D:1)
  A frilled lizard (D:1)
  4 rats
30 creatures vanquished.

Notes
Turn   | Place    | Note
-------+----------+-------------------------------------------
     0 | D:1      | Tallim the Minotaur Berserker began the quest for the Orb.
     0 | D:1      | Reached XP level 1. HP: 19/19 MP: 0/0
   108 | D:1      | Reached XP level 2. HP: 26/27 MP: 1/1
   611 | D:1      | Reached XP level 3. HP: 23/33 MP: 2/2
   925 | D:2      | Reached ** piety under Trog
   925 | D:2      | Mangled by a worm

Vault maps used:
D:1:      giann_bridges, roderic_roman_lattice
D:2:      lemuel_doored_altar, makhleb_heckhound_becter,
          nicolae_ashenzari_panopticon

Skill      XL: |  1  2 |
---------------+-------+-----
Fighting       | 4 |  4.4
Axes           | 4 |  4.7
Armour         | |  2.5
Dodging        | |  2.4

Action                   || total
-------------------------++-------
Melee: Hand axe          ||    67
       Headbutt          ||     5
Armor: Animal skin       ||    12
Dodge: Dodged            ||    41

Table legend:
 A = Spawn XP
 B = Non-spawn XP
 C = Spawn XP percentage of total XP
 D = Spawn monster count
 E = Non-spawn monster count
 F = Spawn count percentage of total count
 G = Total turns spent on level
                    A         B        C        D         E        F      G
               +---------+---------+-------+---------+---------+-------+---------
         Total |       0 |      69 |   0.0 |       0 |      30 |   0.0 |   925
               +---------+---------+-------+---------+---------+-------+---------
           D:1 |       0 |      53 |   0.0 |       0 |      27 |   0.0 |   910
           D:2 |       0 |      16 |   0.0 |       0 |       3 |   0.0 |    15
               +---------+---------+-------+---------+---------+-------+---------
